 Dungeon Crawl Stone Soup version 0.30-a0-778-g2ef04afb54 (webtiles) character file.

Game seed: 2232476331473120451

11 Esekla the Sneak (level 2, 16/16 HPs)
             Began as a Vine Stalker Delver on Feb 15, 2023.
             Quit the game on level 5 of the Dungeon.
             The game lasted 00:02:21 (82 turns).

Esekla the Sneak (Vine Stalker Delver)                Turns: 82, Time: 00:02:22

Health: 16/16      AC:  3    Str: 14    XL:     2   Next: 25%
Magic:  3/3        EV: 11    Int: 10    God:
Gold:   0          SH:  0    Dex: 15    Spells: 1/1 levels left

rFire   . . .      SeeInvis .    a - +0 falchion
rCold   . . .      Faith    .    (no shield)
rNeg    . . .      Spirit   +    b - +0 leather armour
rPois   .          Reflect  .    (no helmet)
rElec   .          Harm     .    (no cloak)
rCorr   .          Rampage  .    (no gloves)
Will    .....                    (no boots)
Stlth   +++                      (no amulet)
HPRegen 0.22/turn                (no ring)
MPRegen 0.08/turn                (no ring)

@: no status effects
A: fangs 2, magic shield, antimagic bite, no potion heal 2
a: no special abilities


You were on level 5 of the Dungeon.
You visited 1 branch of the dungeon, and saw 2 of its levels.

Inventory:

Hand Weapons
 a - a +0 falchion (weapon)
Armour
 b - a +0 leather armour (worn)
Wands
 g - a wand of digging (3)
Scrolls
 c - a scroll of fog
 e - a scroll of fear
Potions
 d - a potion of might {unknown}
 f - a potion of haste


   Skills:
 * Level 2.8 Fighting
 * Level 1.8 Long Blades
 + Level 1.5 Dodging
 + Level 6.5 Stealth
 * Level 0.1 Spellcasting


You had one spell level left.
You didn't know any spells.
Your spell library was empty.

Dungeon Overview and Level Annotations

Branches:
Dungeon (6/15)
 Temple: D:4-7

Altars:

Annotations:
D:6 1 runed translucent door


Innate Abilities, Weirdness & Mutations

You have extremely sharp teeth.
When hurt, damage is shared between your health and your magic reserves.
Your bite disrupts and absorbs the magic of your enemies.
Potions cannot restore your health.


Message History

The kobold zombie hits you but does no damage.
You completely miss the kobold zombie.
The kobold zombie is almost destroyed.
The kobold zombie hits you.
You barely miss the kobold zombie.
The kobold zombie is almost destroyed.
The kobold zombie barely misses you.
You barely miss the kobold zombie.
The kobold zombie is almost destroyed.
The kobold zombie barely misses you.
You hit the kobold zombie.
You destroy the kobold zombie!
A jackal skeleton and a goblin zombie come into view.
A shadow imp comes into view.
The shadow imp shouts, "Scamper hence, thou skyhacking full-gorged mammet!"
A bullfrog comes into view.
The shadow imp sputters.
The shadow imp gestures at you. Pain shoots through your body!
The shadow imp misses you.
There is a stone staircase leading up here.
The shadow imp closely misses you.
You climb upwards.
There is a stone staircase leading down here.
You barely miss the shadow imp.
You bite the shadow imp, but do no damage.
The shadow imp completely misses you.
You hit the shadow imp.
The shadow imp is heavily wounded.
The shadow imp barely misses you.
You barely miss the shadow imp. You bite the shadow imp.
The shadow imp's magic leaks into the air.
You drain its magic.
You feel invigorated.
The shadow imp is heavily wounded.
The shadow imp barely misses you.
You hit the shadow imp.
You kill the shadow imp!
You have reached level 2!
Okay, then.
Are you sure you want to abandon this character and quit the game? (Confirm with "yes".)

#..........* *
##..........#
#...........#
#...........#
##...........#
#............##
#.............#
#.............##
#@.............#
#..............##
#...........##..##
#..........####..#
#.)......### *#...
##......## **#....
#.....### **......
#...### **.....<.
#...# *#........


There were no monsters in sight!

Vanquished Creatures
  A shadow imp (D:5)
  An orc (D:5)
  A kobold zombie (D:6)
3 creatures vanquished.

Notes
Turn   | Place    | Note
-------+----------+-------------------------------------------
     0 | D:5      | Esekla the Vine Stalker Delver began the quest for the Orb.
     0 | D:5      | Reached XP level 1. HP: 11/11 MP: 2/2
     4 | D:5      | Noticed a scorpion
    50 | D:6      | Noticed a human
    50 | D:6      | Found a runed translucent door.
    68 | D:6      | Noticed a bullfrog
    82 | D:5      | Reached XP level 2. HP: 16/16 MP: 3/3
    82 | D:5      | Quit the game

Illustrated notes

Levels and vault maps discovered:
D:5:      layout_cave_pods
D:6:      layout_cave_pools, dk_yredelemnul_ordeal,
          minmay_overflow_temple_star_quad

Action                     || total
---------------------------++-------
  Melee: Falchion          ||    12
         Bite              ||     4
    Use: Scroll            ||     1
 Armour: Leather armour    ||     1
  Dodge: Dodged            ||     8

Table legend: (Time is in decaauts)
 A = Elapsed time spent in this place.
 B = Non-inter-level travel time spent in this place.
 C = Inter-level travel time spent in this place.
 D = Time resting spent in this place.
 E = Time spent auto-exploring this place.
 F = Levels seen in this place.
 G = Mean time per level.
                   A        B        C        D        E       F      G
               +--------+--------+--------+--------+--------+-----+--------+
         Total |     84 |     84 |      0 |      0 |      0 |   2 |   42.0 |
       Dungeon |     84 |     84 |      0 |      0 |      0 |   2 |   42.0 |
               +--------+--------+--------+--------+--------+-----+--------+

Top non-repeatable levels by time:
     D:5: 56 daAuts
     D:6: 27 daAuts
